 Dungeon Crawl Stone Soup version 0.29.1-12-g30fa7ad0bf (webtiles) character file.

Game seed: 15033195950753044561

329 MisterFreud the Changer (level 6, 0/51 HPs)
             Began as a Draconian Transmuter on Dec 18, 2022.
             Was an Initiate of Gozag.
             Slain by Blork the orc
             ... wielding a +0 trident
              (8 damage)
             ... on level 4 of the Dungeon.
             The game lasted 00:04:33 (3423 turns).

MisterFreud the Changer (Draconian Transmuter)      Turns: 3423, Time: 00:04:34

Health: 0/51       AC:  2    Str: 12    XL:     6   Next: 25%
Magic:  6/9        EV: 19    Int: 15    God:    Gozag
Gold:   416        SH:  0    Dex: 17    Spells: 3/9 levels left

rFire   . . .      SeeInvis .     - Unarmed
rCold   + . .      Faith    .   (shield currently unavailable)
rNeg    . . .      Spirit   .   (body armour unavailable)
rPois   x          Reflect  .   (helmet currently unavailable)
rElec   .          Harm     .   (cloak currently unavailable)
rCorr   .          Rampage  .   (gloves currently unavailable)
Will    .....                   (boots currently unavailable)
Stlth   ++........              (no amulet)
HPRegen 0.17/turn               f - ring of protection from cold
MPRegen 0.11/turn               j - ring of wizardry

@: spider-form (expiring), gold aura
A: venomous fangs, AC +6, tiny, unfitting armour, (cold-blooded)
a: End Transformation, Renounce Religion, Potion Petition, Call Merchant, Bribe
Branch


You were on level 4 of the Dungeon.
You worshipped Gozag.
Gozag was aware of your devotion.
You were a venomous arachnid creature.
You visited 1 branch of the dungeon, and saw 4 of its levels.

You collected 416 gold pieces.

Inventory:

Hand Weapons
 c - a +6 spectral club
Armour
 e - a +0 pair of gloves (melded)
 g - a +0 pair of boots (melded)
 h - a +1 cloak (melded)
Jewellery
 f - a ring of protection from cold (left front leg)
 j - a ring of wizardry (right front leg)
 m - a ring of fire
Scrolls
 d - 2 scrolls of enchant weapon
 k - a scroll of brand weapon
Potions
 a - 2 potions of lignification
 l - a potion of heal wounds {unknown}
 n - 2 potions of cancellation
 o - 2 potions of brilliance {unknown}


   Skills:
 + Level 3.3 Fighting
 - Level 1.7 Maces & Flails
 - Level 1.7 Dodging
 + Level 3.6 Unarmed Combat
 - Level 2.0 Spellcasting
 - Level 5.0 Transmutations
 - Level 1.0 Poison Magic


You had 3 spell levels left.
You knew the following spells:

 Your Spells              Type           Power      Damage    Failure   Level
a - Beastly Appendage     Tmut           32%        N/A       4%          1
b - Wereblood             Tmut           16%        N/A       5%          2
c - Spider Form           Tmut/Pois      10%        N/A       16%         3

Your spell library contained the following spells:

 Spells                   Type           Power      Damage    Failure   Level
 Ice Form                 Ice/Tmut       9%         N/A       45%         4


Dungeon Overview and Level Annotations

Branches:
Dungeon (4/15)
 Temple: D:4-7

Altars:
Gozag
Trog

Annotations:
D:4 Blork the orc


Innate Abilities, Weirdness & Mutations

You are a venomous arachnid creature.
You have poisonous fangs.
You are tiny and dextrous.
Your spellcasting is less reliable in this form.
Your armour is entirely melded.
You are incapable of wielding weapons or throwing items.
((Your plain brown scales are hard. (AC +6)))
You cannot fit into any form of body armour.
((You are cold-blooded and may be slowed by cold attacks.))


Message History

You hit Edmund.
Edmund is moderately wounded.
Blork the orc misses you. Edmund misses you. Blork the orc closely misses you.
You hit Edmund but do no damage.
Edmund looks as sick as possible!
Edmund is moderately wounded.
Blork the orc misses you. Edmund misses you.
You hit Edmund.
Edmund looks as sick as possible!
Edmund is moderately wounded.
Blork the orc closely misses you. Edmund closely misses you.
Blork the orc hits you from afar with a +0 trident.
You hit Edmund.
Edmund looks as sick as possible!
Edmund is heavily wounded.
Edmund hits you with a +0 vorpal dire flail!
Blork the orc hits you from afar with a +0 trident.
You hit Edmund.
Edmund looks as sick as possible!
Edmund is heavily wounded.
Blork the orc closely misses you. Edmund barely misses you.
Blork the orc hits you from afar with a +0 trident!
* * * LOW HITPOINT WARNING * * *
You hit Edmund.
Edmund looks as sick as possible!
Edmund is severely wounded.
Edmund hits you with a +0 vorpal dire flail.
* * * LOW HITPOINT WARNING * * *
x2 Blork the orc completely misses you.
Blork the orc looks encouraged for a moment.
There is a stone staircase leading up here.
Edmund attacks as you move away! Edmund barely misses you.
Found 6 boomerangs.
Found a potion of degeneration.
You kill Edmund!
Blork the orc picks up some gold.
Your Fighting skill increases to level 3!
You have reached level 6!
Your scales feel tougher.
Blork the orc barely misses you.
You bite Blork the orc!
Blork the orc is poisoned.
Blork the orc is moderately wounded.
Your transformation is almost over.
Blork the orc hits you with a +0 trident!
You die...
Your body crumbles into a pile of gold.

####### .......
# ....<.. .#
....... ..#
.......#####.<#
.......$os...#
.......###..##
....... #.....
#######
...##... ....
... #..#.# (.
#!.... .
..##...


You could see Blork the orc (fast, very poisoned).

Vanquished Creatures
  Edmund (D:4)
  Crazy Yiuf (D:2)
  Jessica (D:2)
  Robin (D:3)
  4 gnolls (D:3)
  An adder (D:3)
  3 dart slugs
  2 worms (D:2)
  5 ball pythons
  8 bats
  5 endoplasms
  3 giant cockroaches
  13 goblins
  9 hobgoblins
  8 jackals
  5 kobolds
  4 quokkas
  4 frilled lizards
  7 rats
85 creatures vanquished.

Vanquished Creatures (others)
  A plant (D:2)
1 creature vanquished.

Grand Total: 86 creatures vanquished

Notes
Turn   | Place    | Note
-------+----------+-------------------------------------------
     0 | D:1      | MisterFreud the Draconian Transmuter began the quest for
                  | the Orb.
     0 | D:1      | Reached XP level 1. HP: 16/16 MP: 3/3
   355 | D:1      | Reached XP level 2. HP: 23/23 MP: 3/5
   455 | D:1      | Reached skill level 3 in Transmutations
   619 | D:1      | Reached XP level 3. HP: 27/28 MP: 6/6
   974 | D:2      | Reached skill level 4 in Transmutations
  1027 | D:2      | Learned a level 2 spell: Wereblood
  1031 | D:2      | Learned a level 3 spell: Spider Form
  1197 | D:2      | Noticed Jessica
  1212 | D:2      | Killed Jessica
  1213 | D:2      | Reached XP level 4. HP: 5/35 MP: 4/7
  1621 | D:2      | Found a faded altar of an unknown god.
  1640 | D:2      | Prayed at the altar of an unknown god.
  1640 | D:2      | Became a worshipper of Gozag Ym Sagoz the Greedy
  1820 | D:2      | Found a runed translucent door.
  1821 | D:2      | Noticed Crazy Yiuf
  2123 | D:2      | Killed Crazy Yiuf
  2124 | D:2      | Reached skill level 5 in Transmutations
  2301 | D:3      | Reached XP level 5. HP: 21/40 MP: 5/8
  2306 | D:3      | Reached skill level 1 in Maces & Flails
  2306 | D:3      | Reached skill level 1 in Poison Magic
  2717 | D:3      | Noticed Robin
  2729 | D:3      | Killed Robin
  3167 | D:3      | Found a bloodstained altar of Trog.
  3404 | D:4      | Noticed Edmund
  3404 | D:4      | Noticed Blork the orc
  3421 | D:4      | Killed Edmund
  3422 | D:4      | Reached XP level 6. HP: 8/51 MP: 6/9
  3423 | D:4      | Slain by Blork the orc

Illustrated notes

Levels and vault maps discovered:
D:1:      onia_arrival_handbag, layout_basic
D:2:      layout_basic, dreamdust_ecumenical_altar_hidden_monk_grotto,
          minivault_24, uniq_jessica, uniq_crazy_yiuf_cottage
D:3:      layout_loops_ring, amcnicky_altar_gilded, reono_crystal_passage,
          uniq_robin
D:4:      layout_rooms, nicolae_gozag_cash_rules_everything_around_me,
          serial_shops, nicolae_shop_temple_entry_statues_fountains,
          sigmund_army, uniq_edmund, uniq_blork_the_orc, uniq_pikel

Skill      XL: |  1  2  3  4  5 |
---------------+----------------+-----
Transmutations | 3 4 5 |  5.0
Maces & Flails | 1 |  1.7
Poison Magic   | 1 |  1.0
Fighting       | 3 |  3.3
Dodging        | |  1.7
Unarmed Combat | |  3.6
Spellcasting   | |  2.0

Action                   |  1- 3 |  4- 6 || total
-------------------------+-------+-------++-------
Melee: Unarmed           |   122 |   136 ||   258
       Kick              |    10 |     6 ||    16
       Headbutt          |     7 |     8 ||    15
       Tailslap          |     9 |     7 ||    16
       Punch             |     3 |       ||     3
 Cast: Beastly Appendage |    16 |    10 ||    26
       Spider Form       |     2 |     8 ||    10
  Use: Scroll            |     3 |     3 ||     6
 Stab: Sleeping          |       |     1 ||     1
Armor: Skin              |    31 |    31 ||    62
Dodge: Dodged            |    84 |   125 ||   209
